 Dungeon Crawl Stone Soup version 0.27.1 (webtiles) character file.

Game seed: 12165008910802531582

266 ZARRMARR the Magician (level 6, -1/32 HPs)
             Began as a Deep Elf Air Elementalist on Aug 31, 2021.
             Slain by an ogre (13 damage)
             ... on level 4 of the Dungeon.
             The game lasted 00:13:52 (4297 turns).

ZARRMARR the Magician (Deep Elf Air Elementalist)   Turns: 4297, Time: 00:13:53

Health: -1/32      AC:  2    Str:  5    XL:     6   Next: 0%
Magic:  15/18      EV: 12    Int: 22    God:
Gold:   78         SH:  0    Dex: 15    Spells: 16/20 levels left

rFire    . . .     SeeInvis .   (no weapon)
rCold    . . .     Faith    .   (no shield)
rNeg     . . .     Spirit   .   a - +0 robe
rPois    .         Reflect  .   (no helmet)
rElec    .         Harm     .   (no cloak)
rCorr    .         Rampage  .   (no gloves)
Will     .....                  (no boots)
Stlth    ++........             (no amulet)
HPRegen  0.10/turn              (no ring)
MPRegen  0.16/turn              (no ring)

@: no status effects
A: no striking features
a: no special abilities


You were on level 4 of the Dungeon.
You visited 1 branch of the dungeon, and saw 4 of its levels.

You collected 78 gold pieces.

Inventory:

Armour
 a - a +0 robe (worn)
Jewellery
 k - an amulet of faith
Scrolls
 b - a scroll of magic mapping
 g - a scroll of enchant armour {unknown}
 i - a scroll of blinking {unknown}
 m - a scroll of vulnerability {unknown}
 n - a scroll of amnesia {unknown}
 o - a scroll of fog {unknown}
Potions
 c - 2 potions of lignification
 d - 2 potions of flight
 e - a potion of mutation {unknown}
 f - a potion of magic {unknown}
 h - 2 potions of curing
 j - a potion of invisibility {unknown}
 l - 2 potions of ambrosia {unknown}


   Skills:
 + Level 2.4 Dodging
 - Level 2.4 Stealth
 + Level 7.5 Spellcasting
 * Level 2.8 Conjurations
 - Level 3.0 Air Magic
 * Level 1.4 Earth Magic


You had 16 spell levels left.
You knew the following spells:

 Your Spells              Type           Power      Damage    Failure   Level
a - Shock                 Conj/Air       84%        1d8       2%          1
b - Swiftness             Air            21%        N/A       7%          3

Your spell library contained the following spells:

 Spells                   Type           Power      Damage    Failure   Level
 Static Discharge         Conj/Air       21%        N/A       3%          2
 Passwall                 Tmut/Erth      9%         N/A       9%          2
 Stone Arrow              Conj/Erth      34%        3d9       10%         3
 Airstrike                Air            10%        N/A       22%         4
 Animate Armour           Summ/Erth      22%        N/A       52%         4
 Petrify                  Tmut/Erth      11%        N/A       52%         4
 Irradiate                Conj/Tmut      7%         3d16      77%         5
 Blade Hands              Tmut           4%         N/A       91%         5
 Dragon Form              Tmut           4%         N/A       100%        7
 Lehudib's Crystal Spear  Conj/Erth      8%         10d4      100%        8


Dungeon Overview and Level Annotations

Branches:
Dungeon (4/15)
 Temple: D:4-7

Altars:
Dithmenos


Message History

Unknown command.
Press: ? - help, v - describe, . - travel, g - get item
Here: an ogre, wielding a +0 giant club (wandering, hasn't noticed you) Item here: a dagger.
The floor.
An ogre is nearby!
Aiming: Shock (safe; 2% risk of failure)
Press: ? - help, Q - select action Shift-Dir - straight line, f/p - ogre
Aim: an ogre, wielding a +0 giant club (wandering, hasn't noticed you, 88% to hit)
The zap hits the ogre!
The ogre is moderately wounded.
The ogre shouts!
Aiming: Shock (safe; 2% risk of failure)
Press: ? - help, Q - select action Shift-Dir - straight line, f/p - ogre
Aim: an ogre, wielding a +0 giant club (moderately wounded, 88% to hit)
The zap hits the ogre.
The ogre is moderately wounded.
Unknown command.
Aiming: Shock (safe; 2% risk of failure)
Press: ? - help, Q - select action Shift-Dir - straight line, f/p - ogre
Aim: an ogre, wielding a +0 giant club (moderately wounded, 88% to hit)
The zap hits the ogre.
The ogre is heavily wounded.
Unknown command.
Aiming: Shock (safe; 2% risk of failure)
Press: ? - help, Q - select action Shift-Dir - straight line, f/p - ogre
Aim: an ogre, wielding a +0 giant club (heavily wounded, 88% to hit)
The zap hits the ogre.
The ogre is severely wounded.
The ogre hits you with a +0 giant club!!
Ouch! That really hurt!
* * * LOW HITPOINT WARNING * * *
You see here a scarf of harm.
Aiming: Shock (safe; 2% risk of failure)
Press: ? - help, Q - select action Shift-Dir - straight line, f/p - ogre
Aim: an ogre, wielding a +0 giant club (severely wounded, 88% to hit)
The zap hits the ogre.
The ogre is almost dead.
The ogre hits you with a +0 giant club!
You die...

#.# ##...# #.#.# #.# ###.# #.#.#
###.# #.# #.#.# #...# ##.## #...#
#.### ##...## #.... #.# ##.#.#.##
##.## #.# ##.##.##.## #.# #.#
#.###.###.##### #.# #.#
#..)......O@..# #######.## #.#
#.###.###.###....).........# #.#
##..##.##.####..##########..#
#.###....#.......#..##########..#
#..........รท.###.#.<##..........#
#####...####.# #.#..##.##........
##.## #.# #.#..##.##.#####.# #.#
#.# #.#..##.##.# #.# #.#
#.###.#..##.##.# #.#


You could see an ogre.

Vanquished Creatures
  A necrophage (D:4)
  An iguana (D:4)
  6 adders
  An adder skeleton (D:4)
  3 worms
  5 orcs (D:3)
  4 endoplasms
  6 giant cockroaches
  12 goblins
  A hobgoblin (D:2)
  6 jackals (D:1)
  5 quokkas
  6 ball pythons
  10 bats
  7 frilled lizards
  3 kobolds
  7 rats
84 creatures vanquished.

Notes
Turn   | Place    | Note
-------+----------+-------------------------------------------
     0 | D:1      | ZARRMARR the Deep Elf Air Elementalist began the quest for
                  | the Orb.
     0 | D:1      | Reached XP level 1. HP: 10/10 MP: 6/6
   338 | D:1      | Reached skill level 4 in Spellcasting
   338 | D:1      | Reached XP level 2. HP: 15/15 MP: 3/9
  1344 | D:1      | Reached XP level 3. HP: 18/19 MP: 4/11
  1345 | D:1      | Reached skill level 5 in Spellcasting
  2101 | D:2      | Learned a level 3 spell: Swiftness
  2356 | D:2      | Reached skill level 6 in Spellcasting
  2356 | D:2      | Reached XP level 4. HP: 24/24 MP: 8/14
  3385 | D:3      | Got Depracat's Compendium of Clay
  3578 | D:3      | Found a shadowy altar of Dithmenos.
  3951 | D:4      | Noticed a necrophage
  3957 | D:4      | Killed a necrophage
  3958 | D:4      | Reached skill level 7 in Spellcasting
  3958 | D:4      | Reached skill level 1 in Earth Magic
  3958 | D:4      | Reached XP level 5. HP: 28/28 MP: 8/16
  4266 | D:4      | Noticed an ogre
  4267 | D:4      | Reached XP level 6. HP: 32/32 MP: 15/18
  4297 | D:4      | Slain by an ogre

Illustrated notes

Levels and vault maps discovered:
D:1:      minmay_arrival_solitary_statue, layout_basic, minivault_24
D:2:      layout_loops_ring, grunt_ministairs_15, nrook_mini_vaults
D:3:      layout_rooms, nicolae_dithmenos_shadow_blocks
D:4:      layout_loops_ring

Skill      XL: |  1  2  3  4 |
---------------+-------------+-----
Spellcasting   | 4 6 7 |  7.5
Conjurations   | 2 |  2.8
Earth Magic    | 1 |  1.4
Dodging        | |  2.4
Stealth        | |  2.4
Air Magic      | |  3.0

Action                   |  1- 3 |  4- 6 || total
-------------------------+-------+-------++-------
Melee: Unarmed           |     3 |       ||     3
 Cast: Shock             |   114 |   110 ||   224
  Use: Potion            |     1 |     1 ||     2
       Scroll            |     3 |       ||     3
Armor: Robe              |     1 |     3 ||     4
Dodge: Dodged            |    21 |     2 ||    23
